 Dungeon Crawl Stone Soup version 0.23-a0-370-gf497b7c (webtiles) character file.

8642 MisterFreud the Nimble (level 11, 0/45 HPs)
             Began as a Felid Transmuter on Oct 24, 2018.
             Was an Elder of Cheibriados.
             Slain by a yak (16 damage)
             ... on level 3 of the Lair of Beasts.
             The game lasted 00:40:28 (12730 turns).

MisterFreud the Nimble (Felid Transmuter)          Turns: 12730, Time: 00:40:29

Health: 0/45       AC:  2    Str: 17    XL:     11   Next: 12%
Magic:  15/18      EV: 32    Int: 28    God:    Cheibriados [****..]
Gold:   451        SH:  0    Dex: 26    Spells: 2/14 levels left
                                        Lives:  0   Deaths: 3

rFire    . . .     SeeInvis +     - Unarmed
rCold    . . .     Gourm    .   (shield unavailable)
rNeg     . . .     Faith    .   (armour unavailable)
rPois    .         Spirit   .   (helmet unavailable)
rElec    .         Reflect  .   (cloak unavailable)
rCorr    .         Harm     .   (gloves unavailable)
MR       ++...                  (boots unavailable)
Stlth    ++++......             e - amulet of the acrobat
HPRegen  0.15/turn              p - ring of protection from magic
MPRegen  0.16/turn              t - +3 ring of intelligence

@: very slow
A: very small, no armour, no weapons or thrown items, stealth, claws 1, fangs 3,
see invisible, carnivore, speed 1, frail 1, shaggy fur 2, slow metabolism 1,
sharp paws
a: Bend Time, Temporal Distortion, Slouch, Renounce Religion


You were on level 3 of the Lair of Beasts.
You worshipped Cheibriados.
Cheibriados was greatly pleased with you.
You were full.

You visited 2 branches of the dungeon, and saw 12 of its levels.

You collected 638 gold pieces.
You spent 187 gold pieces at shops.

Inventory:

Missiles
 a - 176 arrows
Jewellery
 e - an amulet of the acrobat (around neck)
 h - an uncursed ring of positive energy
 p - a ring of protection from magic (left paw)
 t - a +3 ring of intelligence (right paw)
 u - an uncursed ring of wizardry
 v - an uncursed ring of protection from cold
 y - an uncursed ring of protection from cold
Wands
 f - a wand of polymorph (11)
 r - a wand of clouds (4)
 s - a wand of acid (2)
 A - a wand of flame (28)
Scrolls
 b - 9 scrolls of remove curse
 j - a scroll of amnesia
 l - 5 scrolls of magic mapping
 m - 3 scrolls of blinking
 o - 2 scrolls of teleportation
 x - 2 scrolls of fear
Potions
 d - 2 potions of agility
 g - 2 potions of haste
 i - a potion of magic
 k - 2 potions of might
 n - a potion of invisibility {unknown}
 q - 2 potions of resistance
 w - a potion of ambrosia
 z - a potion of mutation
 C - a potion of lignification {unknown}
Comestibles
 c - 39 rations


   Skills:
 + Level 7.0 Fighting
 - Level 12.1 Dodging
 - Level 5.0 Stealth
 - Level 8.0 Unarmed Combat
 - Level 2.0 Spellcasting
 + Level 7.3 Transmutations
 - Level 8.0 Invocations
 - Level 8.0 Evocations


You had 2 spell levels left.
You knew the following spells:

 Your Spells              Type           Power        Failure   Level  Hunger
a - Beastly Appendage     Tmut           #####.       1%          1    None
b - Sticks to Snakes      Tmut           #####...     1%          2    ##.....
c - Spider Form           Tmut/Pois      ###.......   6%          3    ###....
d - Blade Hands           Tmut           #####.....   12%         5    ######.
e - Confusing Touch       Hex            #.....       9%          1    None

Your spell library contained the following spells:

 Spells                   Type           Power        Failure   Level  Hunger
 Animate Skeleton         Necr           N/A          9%          1    None
 Pain                     Necr           #...         9%          1    None
 Summon Small Mammal      Summ           #...         9%          1    None
 Call Imp                 Summ           #.......     14%         2    ##.....
 Ice Form                 Ice/Tmut       ###.....     21%         4    ####...
 Petrify                  Tmut/Erth      ###.....     21%         4    ####...
 Call Canine Familiar     Summ           #.......     26%         3    ###....
 Confuse                  Hex            #.......     26%         3    ###....
 Gell's Gravitas          Tloc           #.........   26%         3    ###....
 Regeneration             Chrm/Necr      #.........   26%         3    ###....
 Summon Guardian Golem    Hex/Summ       #.......     26%         3    ###....
 Vampiric Draining        Necr           #.........   26%         3    ###....
 Yara's Violent Unravell  Hex/Tmut       ###.......   50%         5    ######.
 Animate Dead             Necr           N/A          65%         4    ####...
 Summon Ice Beast         Ice/Summ       #.......     65%         4    ####...
 Summon Lightning Spire   Summ/Air       #.......     65%         4    ####...
 Metabolic Englaciation   Hex/Ice        #.........   94%         5    ######.


Dungeon Overview and Level Annotations

Branches:
Dungeon (9/15)             Temple (0/1) D:6            Lair (3/6) D:8
  Swamp: Lair:2-4    Shoals: Lair:2-4     Snake: Lair:2-4    Spider: Lair:2-4
    Orc: D:9-12

Altars:
Ashenzari
Cheibriados
Fedhas
Gozag
Hepliaklqana
Okawaru
Qazlal
Ru

Shops:
D:5 }   D:8 (   D:9 ?

Annotations:
D:2 Jessica


Innate Abilities, Weirdness & Mutations

You cannot wear armour.
You are incapable of wielding weapons or throwing items.
Your paws allow you to move quietly. (Stealth)
You have sharp claws.
You have razor-sharp teeth.
You have supernaturally acute eyesight. (SInv)
You are carnivorous and can eat meat at any time.
You cover ground quickly.
You are covered in thick fur. (AC +2)
You have a slow metabolism.
Your sharp claws are effective at attacking unaware monsters.
You are frail. (-10% HP)


Message History

You butcher the komodo dragon corpse.
Things that are here:
5 chunks of flesh; a komodo dragon skeleton A yak comes into view.
A yak comes into view.
The yak bellows! x2
You hit the yak but do no damage. The yak misses you.
You shred the yak!!!
You kill the yak!
Cheibriados thoroughly appreciates the change of pace.
You slash the yak!
The yak is moderately wounded.
You hit the yak. You bite the yak.
The yak is moderately wounded.
Your front paws revert to their normal proportions.
The yak completely misses you.
You scratch the yak. You bite the yak, but do no damage.
The yak is heavily wounded.
The yak gores you. The yak gores you!
You die...

# #### ### ##
.#######..###.###.######
........................
..#P#.####....##...#...
.# #.####....#..#..# .#
##..##.....##....#
.###...###....##@...#
..##...# #....#.YY..#
.+.....# #.[..#P%.Y.#
.###...# #..........# .#
###.# #....#.........
..# .# #....##....#...
.#.# .. #........###...
..... ....... P... ..
...... ..... ....


You could see 3 yaks.

Vanquished Creatures
  A hydra (Lair:1)
  Erica (Lair:1)
  A spiny frog (Lair:1)
  2 komodo dragons
  12 blink frogs
  3 hippogriffs
  7 spriggans (Lair:1)
  Eustachio (D:5)
  4 yaks
  A vampire mosquito (D:9)
  A basilisk (Lair:2)
  3 wargs (D:8)
  A hungry ghost (D:8)
  4 water moccasins
  3 porcupines (Lair:1)
  2 orc warriors (D:7)
  5 sky beasts
  A black bear (D:6)
  A phantom (D:6)
  4 ogres
  4 wolves (Lair:1)
  5 centaurs
  6 crocodiles
  A big kobold (D:8)
  5 bullfrogs
  8 killer bees
  5 wights (D:6)
  3 howler monkeys (D:7)
  2 crimson imps
  2 bullfrog zombies (D:6)
  3 jellies
  4 hounds
  5 orc priests
  A wyvern simulacrum (D:9)
  Crazy Yiuf (D:2)
  A bullfrog skeleton (D:6)
  An iguana (D:4)
  12 orc wizards
  2 hell rats (Lair:1)
  8 worker ants
  A hound skeleton (D:8)
  4 gnolls
  14 adders
  17 river rats
  An ooze (D:6)
  2 worms
  2 dart slugs (D:1)
  An adder simulacrum (D:9)
  3 leopard geckos
  27 orcs
  3 ball pythons (D:1)
  10 bats
  6 giant cockroaches
  8 goblins
  11 hobgoblins
  11 jackals
  9 quokkas
  6 frilled lizards
  A giant cockroach zombie (D:5)
  A jackal skeleton (D:4)
  14 kobolds
  24 rats
313 creatures vanquished.

Vanquished Creatures (collateral kills)
  A gnoll (D:1)
  2 adders
  An adder skeleton (D:4)
  2 worms
6 creatures vanquished.

Grand Total: 319 creatures vanquished

Notes
Turn   | Place    | Note
-------+----------+-------------------------------------------
     0 | D:1      | MisterFreud the Felid Transmuter began the quest for the
                  | Orb.
     0 | D:1      | Reached XP level 1. HP: 9/9 MP: 4/4
    27 | D:1      | Reached skill level 1 in Stealth
    96 | D:1      | Reached XP level 2. HP: 11/12 MP: 4/6
   104 | D:1      | Learned a level 2 spell: Sticks to Snakes
   328 | D:1      | Reached XP level 3. HP: 14/15 MP: 3/7
   800 | D:1      | Learned a level 3 spell: Spider Form
  1285 | D:2      | Reached skill level 5 in Stealth
  1396 | D:2      | Reached XP level 4. HP: 15/19 MP: 6/8
  1681 | D:2      | Found a stormy altar of Qazlal.
  1683 | D:2      | Found a blossoming altar of Fedhas.
  1822 | D:2      | Found a runed door.
  1957 | D:2      | Noticed Crazy Yiuf
  1968 | D:2      | Killed Crazy Yiuf
  2091 | D:2      | Found a sacrificial altar of Ru.
  2097 | D:2      | Noticed Jessica
  2508 | D:3      | Reached XP level 5. HP: 24/24 MP: 9/9
  3536 | D:2      | Found a hazy altar of Hepliaklqana.
  3536 | D:2      | Found an opulent altar of Gozag.
  3559 | D:4      | Noticed an ogre
  3570 | D:4      | Killed an ogre
  3570 | D:4      | Gained mutation: You are covered in thick fur. (AC +2)
                  | [Felid growth]
  3570 | D:4      | Reached XP level 6. HP: 28/28 MP: 4/10
  3800 | D:4      | Reached skill level 5 in Unarmed Combat
  4658 | D:5      | Entered Level 5 of the Dungeon
  4672 | D:5      | Found Noadaff's Gadget Shop.
  4709 | D:5      | Noticed a sky beast
  4721 | D:5      | Killed a sky beast
  4721 | D:5      | Reached XP level 7. HP: 15/31 MP: 8/11
  4757 | D:5      | Reached skill level 1 in Evocations
  4953 | D:5      | Found a snail-covered altar of Cheibriados.
  4961 | D:5      | Became a worshipper of Cheibriados the Contemplative
  5189 | D:5      | Noticed Eustachio
  5226 | D:5      | Killed Eustachio
  5226 | D:5      | Reached skill level 4 in Dodging
  5226 | D:5      | Reached XP level 8. HP: 10/34 MP: 9/12
  5461 | D:5      | Found a shattered altar of Ashenzari.
  5790 | D:6      | Reached skill level 5 in Dodging
  5916 | D:6      | Reached skill level 6 in Dodging
  6179 | D:6      | Learned a level 5 spell: Blade Hands
  6183 | D:6      | Found a staircase to the Ecumenical Temple.
  6241 | D:6      | Slain by a black bear
  6242 | D:6      | Reached XP level 7. HP: -4/31 MP: 10/11
  6250 | D:6      | Reached skill level 7 in Dodging
  6406 | D:6      | Reached * piety under Cheibriados
  6481 | D:6      | Reached XP level 8. HP: 32/34 MP: 4/12
  6567 | D:6      | Reached ** piety under Cheibriados
  6815 | D:6      | Reached skill level 8 in Dodging
  6827 | D:6      | HP: 1/34 [orc warrior/+0 trident (12)]
  7014 | D:6      | Reached skill level 1 in Invocations
  7909 | D:7      | Mangled by an orc warrior
  7910 | D:7      | Reached XP level 7. HP: -7/31 MP: 9/11
  7913 | D:7      | Reached skill level 5 in Invocations
  7913 | D:7      | Reached XP level 8. HP: 34/34 MP: 8/12
  7956 | D:7      | Reached *** piety under Cheibriados
  8206 | D:7      | Reached skill level 5 in Transmutations
  8581 | D:8      | Noticed a hippogriff
  8584 | D:8      | Killed a hippogriff
  8584 | D:8      | Reached XP level 9. HP: 39/39 MP: 14/14
  8626 | D:8      | Found Caemot's Weapon Shoppe.
  8675 | D:8      | Reached **** piety under Cheibriados
  8684 | D:8      | Reached skill level 5 in Fighting
  8972 | D:8      | Reached skill level 9 in Dodging
  8983 | D:8      | HP: 1/41 [orc wizard/magic dart (9)]
  9260 | D:8      | Found a staircase to the Lair.
  9545 | D:9      | Reached skill level 10 in Dodging
  9679 | D:9      | Found Haluhefo's Magic Scroll Shoppe.
  9687 | D:9      | Bought a scroll of identify for 30 gold pieces
  9687 | D:9      | Bought a scroll of teleportation for 45 gold pieces
  9687 | D:9      | Bought a scroll of blinking for 112 gold pieces
  9775 | Lair:1   | Entered Level 1 of the Lair of Beasts
  9794 | Lair:1   | Learned a level 1 spell: Confusing Touch
  9818 | Lair:1   | Reached XP level 10. HP: 45/45 MP: 1/15
  9885 | Lair:1   | Reached skill level 11 in Dodging
  9928 | Lair:1   | HP: 2/45 [komodo dragon (12)]
 10290 | Lair:1   | Reached skill level 12 in Dodging
 10380 | Lair:1   | Noticed a spiny frog
 10388 | Lair:1   | HP: 2/45 [spiny frog (22)]
 10389 | Lair:1   | Slain by a river rat
 10390 | Lair:1   | Reached XP level 9. HP: -1/61 MP: 8/14
 10491 | Lair:1   | Reached skill level 5 in Evocations
 10956 | Lair:1   | Killed a spiny frog
 10956 | Lair:1   | Reached XP level 10. HP: 37/45 MP: 10/16
 10957 | Lair:1   | Noticed Erica
 10976 | Lair:1   | Killed Erica
 11144 | Lair:1   | Found an iron altar of Okawaru.
 11151 | Lair:1   | Noticed a six-headed hydra
 11163 | Lair:1   | Killed a six-headed hydra
 12007 | Lair:2   | Gained mutation: You are frail. (-10% HP) [miscasting Blade
                  | Hands]
 12368 | Lair:2   | HP: 1/41 [blink frog (14)]
 12369 | Lair:2   | Reached XP level 11. HP: 2/44 MP: 14/18
 12730 | Lair:3   | Slain by a yak

Vault maps used:
D:1:      sevenhm_arrival_forest_fort_small_4, minmay_split_cup_small
D:2:      nicolae_overflow_hidden_temple, old_standard_altar,
          grunt_decor_arrowhead, minmay_tiny_reverse_x, uniq_crazy_yiuf_cottage,
          uniq_jessica
D:3:      cheibrodos_greedy_goblins
D:5:      lemuel_round_altar, serial_shops, nicolae_shop_window_shopping,
          first_ration, minivault_5, ashenzari_altar_1, uniq_eustachio
D:6:      lemuel_ratsnest, minmay_temple_entry_butterflies
D:7:      grunt_ogre_cave
D:8:      erik_lair_orcish_takeover, serial_shops, nicolae_shop_trees,
          item_on_display_a
D:9:      minmay_blocky_corners, erik_orc_2, serial_ice, serial_ice_f,
          serial_ice_c, serial_ice_h, serial_ice_n, serial_shops, shop
Lair:1:   kb_forest_paths, basic_altar, chequers_serial_rivers_room_a,
          kennysheep_abandoned_house, serial_bayou_shore_b, uniq_erica
Lair:2:   elwin_shoals_entry_rocks
Lair:3:   nicolae_spider_entry_non_spiders, minmay_lair_oklob_chamber,
          serial_bayou_shore_b

Skill      XL: |  1  2  3  4  5  6  7  8  9 10 11 |
---------------+----------------------------------+-----
Stealth        | 2 4 5 |  5.0
Fighting       | 3 4 6 7 |  7.0
Transmutations | 4 6 7 |  7.3
Unarmed Combat | 5 7 8 |  8.0
Evocations     | 4 5 8 |  8.0
Dodging        | 7 8 10 12 | 12.1
Invocations    | 5 6 7 8 |  8.0
Spellcasting   | |  2.0

Action                   |  1- 3 |  4- 6 |  7- 9 | 10-12 || total
-------------------------+-------+-------+-------+-------++-------
Melee: Unarmed           |   108 |   199 |   500 |    94 ||   901
       Headbutt          |    14 |    10 |       |       ||    24
       Bite              |    10 |    11 |     7 |     6 ||    34
       Punch             |       |     2 |     1 |     4 ||     7
 Cast: Beastly Appendage |    21 |    18 |       |       ||    39
       Sticks to Snakes  |     7 |    11 |       |       ||    18
       Spider Form       |       |    13 |    63 |     3 ||    79
       Blade Hands       |       |       |     6 |    15 ||    21
       Confusing Touch   |       |       |     1 |     2 ||     3
Invok: Slouch            |       |       |     2 |     4 ||     6
Evoke: Wand              |       |       |     3 |    11 ||    14
  Use: Scroll            |     3 |     8 |     3 |     6 ||    20
       Potion            |       |     4 |     4 |     3 ||    11
 Stab: Sleeping          |     9 |    13 |    19 |     5 ||    46
       Distracted        |     1 |     1 |       |       ||     2
       Confused          |       |       |     1 |     1 ||     2
  Eat: Chunk             |     9 |     9 |    34 |     8 ||    60
Armor: Skin              |     2 |    10 |    11 |     2 ||    25
Dodge: Dodged            |   106 |   159 |   476 |    90 ||   831

Table legend:
 A = Non-vault XP
 B = Vault XP
 C = Vault XP percentage of total XP
 D = Non-vault monster count
 E = Vault monster count
 F = Vault count percentage of total count
                 A         B        C        D         E       F
            +---------+---------+-------+---------+---------+-------
      Total |   13085 |    5653 |  30.2 |     233 |      86 |  27.0
            +---------+---------+-------+---------+---------+-------
        D:1 |      53 |       6 |  10.2 |      25 |       3 |  10.7
        D:2 |      73 |      47 |  39.2 |      29 |       3 |   9.4
        D:3 |      86 |      18 |  17.3 |      19 |       9 |  32.1
        D:4 |     406 |       0 |   0.0 |      22 |       0 |   0.0
        D:5 |     547 |     202 |  27.0 |      11 |       1 |   8.3
        D:6 |    1611 |     223 |  12.2 |      40 |      30 |  42.9
        D:7 |    1215 |     116 |   8.7 |      28 |       1 |   3.4
        D:8 |    2014 |     592 |  22.7 |      26 |       7 |  21.2
        D:9 |     187 |     467 |  71.4 |       2 |       5 |  71.4
     Lair:1 |    3538 |    3982 |  53.0 |      17 |      27 |  61.4
     Lair:2 |    2764 |       0 |   0.0 |      12 |       0 |   0.0
     Lair:3 |     591 |       0 |   0.0 |       2 |       0 |   0.0
            +---------+---------+-------+---------+---------+-------
